killer bee, chaotic female human Ranger ---------- |...@.d...############################ |....I...| # --------- |........| `#####-.)..).)| |........| |.......- --+------- .......| .....)[ ......| ......| .....!| | .....| ------ killer bee the Trailblazer Experience level: 6 Strength: 12 Dexterity: 11 Constitution: 16 Intelligence: 13 Wisdom: 14 Charisma: 8 Health: 0(49) Energy: 44(44) Def: 12 Gold: 520 Moves: 5434 Dungeon seed: Th6m4Obj8ucCq292 Game ID: killer bee_1540540860 Your Inventory: Coins $ - 520 gold pieces Amulets r - an uncursed amulet versus poison (being worn) Weapons a - a +1 dagger b - a +1 bow (alternate weapon; not wielded) c - 41 +2 arrows (in quiver) d - 32 blessed +0 arrows h - the +3 Sting (weapon in hand) x - 5 blessed +0 arrows W - a +0 elven arrow Armor e - an uncursed +2 cloak of displacement (being worn) B - an uncursed +0 dwarvish roundshield (being worn) I - an uncursed +0 dwarvish iron helm (being worn) M - an uncursed +0 ring mail (being worn) Y - an uncursed +0 pair of iron shoes (being worn) Comestibles f - an uncursed cram ration k - 4 uncursed food rations D - an uncursed egg Scrolls K - an uncursed scroll of earth named 100 Q - a cursed scroll of enchant armor named 40 S - an uncursed scroll of amnesia named 100 Rings o - a cursed -1 ring of protection v - a blessed +1 ring of increase accuracy Tools G - an uncursed tallow candle (0:200) Gems n - an uncursed worthless piece of black glass y - an uncursed worthless piece of violet glass z - 2 uncursed worthless pieces of white glass N - an uncursed topaz stone Spells and supernatural/magical abilities: Name Level Category Fail Memory H - haste self 3 escape 100% 100% W - pray for help -- divine ? -- Your skills at the end: Fighting Skills Weapon Skills dagger [Skilled] bow [Basic] Spellcasting Skills Final Attributes: You were piously aligned. You were poison resistant. You were telepathic. You were aware of the presence of orcs. You had automatic searching. You were displaced. You were lucky. You are dead. Vanquished creatures: a dwarf mummy a dingo a plains centaur a snake a rope golem a quasit a water nymph a mountain nymph a yellow light 2 shriekers a violet fungus a gnome lord a ghoul a straw golem a floating eye a kitten 3 dwarves 2 homunculi a kobold lord 2 rothes an iguana an acid blob a hobbit 2 manes 2 large kobolds 3 hobgoblins 3 giant rats a cave spider a brown mold 2 yellow molds 6 gnomes 2 garter snakes 4 jackals 4 goblins 9 grid bugs 3 bats 5 lichens a kobold zombie 8 newts 84 creatures vanquished. Voluntary challenges: You were an atheist. You used a wielded weapon 95 times, starting on turn 131. You read items or engraved 35 times, starting on turn 133. You never genocided any monsters. You never polymorphed an object. You never changed form. You used no wishes. You never split a pudding. You wrote Elbereth's name 6 times, starting on turn 1082. You never violated your personal moral code. Dungeon overview: The Dungeons of Doom: levels 1 to 8 Level 1 a long staircase Level 2 a long staircase Level 3 (vault) Level 4 Level 5 Level 6 Level 7 a scroll shop Level 8 <- You were here History has recorded: On T:1 you entered the Dungeons of Doom to retrieve the Amulet of Yendor! On T:422 you reached level 2 of The Dungeons of Doom. On T:583 you advanced to experience level 2. On T:905 you reached level 3 of The Dungeons of Doom. On T:1147 you advanced to experience level 3. On T:1871 you reached level 4 of The Dungeons of Doom. On T:2013 you advanced to experience level 4. On T:2190 you reached level 5 of The Dungeons of Doom. On T:2780 you advanced to experience level 5. On T:2992 you reached level 6 of The Dungeons of Doom. On T:3627 you reached level 7 of The Dungeons of Doom. On T:4237 you advanced to experience level 6. On T:5256 you reached level 8 of The Dungeons of Doom. Score breakdown: Gold: 520 ( 9241 points) Experience: 6 levels (12456 points) Exploration: 8 levels ( 17.02%) (11702 points) Discoveries: 5 items ( 1.67%) ( 3879 points) Valuables value: (no points given unless you survive) Artifact value: 800 ( 9877 points) Variety of kills: 39 monsters ( 10.24%) ( 9598 points) Turncount: 5434 turns (-1477 points) Survival: died (score multiplied by 80%) Total score: 44220 Latest messages: You displace Sirius. c - 7 +2 arrows (in quiver). You are now wielding your bow. h - an uncursed runed dagger named Sting (alternate weapon; not wielded). The arrow misses the garter snake. You shoot 2 arrows. The 1st arrow hits the garter snake! You kill the garter snake! It bites! Something casts a spell at you! You reel... You displace Sirius. You are now wielding your runed dagger named Sting. b - a +1 bow (alternate weapon; not wielded). You write in the dust with your fingers. You add to the writing in the dust with your fingers. (5x) You hear some noises in the distance. You add to the writing in the dust with your fingers. (8x) You feel a bit steadier now. You stop waiting. It bites! Something casts a spell at you! Your head suddenly aches very painfully! You die... Final status: Goodbye killer bee the Ranger, killed by an invisible golden naga... You died in The Dungeons of Doom on dungeon level 8 with 44220 points, and 520 pieces of gold, after 5434 moves. You were level 6 with a maximum of 49 hit points when you died.